 Dungeon Crawl Stone Soup version 0.28-a0-1555-g9ae15a6949 (webtiles) character file.

Game seed: 15556811043682674321

53697 miscthings the Slinger (level 14, -1/113 HPs)
             Began as a Demigod Artificer on Jan 18, 2022.
             Slain by an orc knight (2 damage)
             ... on level 1 of the Orcish Mines on Jan 19, 2022.
             The game lasted 01:16:37 (30369 turns).

miscthings the Slinger (Demigod Artificer)         Turns: 30369, Time: 01:16:37

Health: -1/113     AC: 28    Str: 21    XL:     14   Next: 0%
Magic:  28/28      EV: 18    Int: 17    God:
Gold:   1895       SH:  9    Dex: 22    Spells: 2/26 levels left

rFire   + . .      SeeInvis .   T - +7 trident of the Ancients {flame, Dex+2 Stlth+}
rCold   . . .      Faith    .   j - +3 buckler {AC+3}
rNeg    . . .      Spirit   .   Z - +3 scale mail {rF+}
rPois   .          Reflect  .   t - +2 helmet
rElec   .          Harm     .   w - +1 cloak {Stlth+}
rCorr   .          Rampage  .   Q - +2 pair of gloves {Stlth+}
Will    +....      Rage     1%  g - +0 pair of boots
Stlth   +++++.....              (no amulet)
HPRegen 0.28/turn               U - +4 ring of protection
MPRegen 0.21/turn               K - +4 ring of evasion

@: no status effects
A: high mp 1, forlorn, divine attributes, thin skeletal structure 1, berserk 1
a: no special abilities


You were on level 1 of the Orcish Mines.
You visited 3 branches of the dungeon, and saw 19 of its levels.
You also visited: Ossuary and Volcano.

You collected 1976 gold pieces.
You spent 81 gold pieces at shops.

Inventory:

Hand Weapons
 m - a +1 hunting sling
 T - the +7 trident of the Ancients (weapon) {flame, Dex+2 Stlth+}
   (You found it on level 6 of the Dungeon)

   It burns those it strikes, dealing additional fire damage.
   Dex:       It affects your dexterity (+2).
   Stlth:     It makes you more stealthy.
Missiles
 c - 6 sling bullets
 n - 10 stones
 q - 5 boomerangs of dispersal (quivered)
 r - 3 javelins
Armour
 g - a +0 pair of boots (worn)
 j - a +3 buckler of protection (worn)
 t - a +2 helmet (worn)
 w - a +1 cloak of stealth (worn)
 G - a +2 hat
 I - +0 acid dragon scales
 Q - a +2 pair of gloves of stealth (worn)
 S - a +2 robe of cold resistance
 Z - a +3 scale mail of fire resistance (worn)
Jewellery
 b - a ring of ice
 h - a ring of willpower
 J - a ring of positive energy
 K - a +4 ring of evasion (right hand)
 U - a +4 ring of protection (left hand)
Wands
 A - a wand of paralysis (5)
 F - a wand of flame (8)
 N - a wand of iceblast (14)
 R - a wand of polymorph (4)
Scrolls
 a - a scroll of brand weapon {unknown}
 k - 5 scrolls of enchant armour
 s - 4 scrolls of magic mapping
 u - 2 scrolls of holy word
 y - 4 scrolls of enchant weapon
 E - 2 scrolls of blinking
 H - a scroll of teleportation
 L - a scroll of immolation {unknown}
 O - 2 scrolls of fog {unknown}
 P - a scroll of fear
Potions
 f - 5 potions of attraction
 i - a potion of might {unknown}
 l - 2 potions of ambrosia
 o - a potion of brilliance {unknown}
 p - 4 potions of heal wounds
 x - 3 potions of haste
 z - 4 potions of lignification
 B - 2 potions of cancellation {unknown}
 C - 2 potions of mutation
 D - 4 potions of curing
 M - a potion of resistance {unknown}
 W - 3 potions of magic
 Y - a potion of invisibility {unknown}
Miscellaneous
 e - a piece from Xom's chessboard (15/15)


   Skills:
 - Level 7.2 Fighting
 - Level 12.0 Slings
 - Level 7.4 Armour
 - Level 7.2 Dodging
 - Level 0.8 Stealth
 - Level 4.0 Shields
 * Level 5.1 Unarmed Combat
 + Level 6.7 Spellcasting
 - Level 2.0 Hexes
 + Level 2.5 Necromancy
 - Level 5.0 Translocations
 + Level 4.2 Transmutations
 + Level 2.6 Earth Magic
 - Level 10.0 Evocations


You had 2 spell levels left.
You knew the following spells:

 Your Spells              Type           Power      Damage    Failure   Level
a - Portal Projectile     Hex/Tloc       34%        N/A       26%         3
b - Manifold Assault      Tloc           22%        N/A       80%         5
c - Blink                 Tloc           44%        N/A       8%          2
d - Dragon Form           Tmut           10%        N/A       100%        7
e - Wereblood             Tmut           20%        N/A       10%         2
f - Borgnjor's Vile Clut  Necr/Erth      7%         N/A       98%         5

Your spell library contained the following spells:

 Spells                   Type           Power      Damage    Failure   Level
 Beastly Appendage        Tmut           40%        N/A       7%          1
 Corpse Rot               Necr/Air       20%        N/A       34%         2
 Shock                    Conj/Air       20%        1d4       36%         1
 Summon Small Mammal      Summ           20%        N/A       36%         1
 Poisonous Vapours        Pois/Air       10%        N/A       50%         2
 Lesser Beckoning         Tloc           22%        N/A       14%         3
 Spider Form              Tmut/Pois      13%        N/A       43%         3
 Inner Flame              Hex/Fire       9%         N/A       58%         3
 Summon Guardian Golem    Hex/Summ       9%         N/A       58%         3
 Call Canine Familiar     Summ           5%         N/A       75%         3
 Ozocubu's Armour         Ice            5%         N/A       75%         3
 Swiftness                Air            5%         N/A       75%         3
 Leda's Liquefaction      Hex/Erth       6%         N/A       82%         4
 Cause Fear               Hex            6%         N/A       86%         4
 Blade Hands              Tmut           10%        N/A       88%         5
 Animate Armour           Summ/Erth      20%        N/A       91%         4
 Airstrike                Air            2%         N/A       98%         4
 Excruciating Wounds      Necr           7%         N/A       98%         5
 Alistair's Intoxication  Tmut/Pois      8%         N/A       99%         5
 Metabolic Englaciation   Hex/Ice        4%         N/A       100%        5
 Eringya's Noxious Bog    Tmut/Pois      6%         N/A       100%        6
 Iron Shot                Conj/Erth      5%         9d2       100%        6
 Simulacrum               Ice/Necr       5%         N/A       100%        6
 Discord                  Hex            6%         N/A       100%        8
 Dragon's Call            Summ           2%         N/A       100%        9


Dungeon Overview and Level Annotations

Branches:
Dungeon (11/15)            Temple (0/1) D:4            Lair (6/6) D:11
 Shoals (0/4) Lair:4       Spider (0/4) Lair:2          Orc (2/2) D:11
    Elf (0/3) Orc:2       Ossuary (visited)         Volcano (visited)
  Slime: Lair:5-6

Shops:
D:5 =   D:6 *   D:9 (   Orc:2 =[

Annotations:
D:9 1 runed translucent door, browni3141's ghost, novice HuFi
D:11 4 runed translucent doors
Lair:3 2 transporters
Orc:2 Azrael


Innate Abilities, Weirdness & Mutations

You have an increased reservoir of magic. (+10% MP)
You shall have no god before yourself.
Your divine heritage dramatically boosts your attributes as you level up.
You have a somewhat thin skeletal structure. (Dex +2, Stealth+)
You tend to lose your temper in combat.


Message History

The orc knight is lightly wounded.
The orc knight hits you but does no damage. x2
You puncture the orc knight! You burn the orc knight.
The orc knight is moderately wounded.
The orc knight hits you with a +3 vorpal long sword!
You are too injured to fight recklessly!
You barely miss the orc knight.
The orc knight is moderately wounded.
The orc knight hits you with a +3 vorpal long sword!
You are too injured to fight recklessly!
You hit the orc knight. You burn the orc knight.
The orc knight is moderately wounded.
The orc knight barely misses you.
The orc knight hits you but does no damage.
You are too injured to fight recklessly!
You hit the orc knight but do no damage.
The orc knight is moderately wounded.
The orc knight hits you with a +3 vorpal long sword.
* * * LOW HITPOINT WARNING * * *
You barely miss the orc knight.
The orc knight is moderately wounded.
You block the orc knight's attack.
You puncture the orc knight! You burn the orc knight.
The orc knight is heavily wounded.
You block the orc knight's attack.
The orc knight hits you but does no damage.
You hit the orc knight but do no damage.
The orc knight is heavily wounded.
The orc knight hits you but does no damage.
You hit the orc knight. You burn the orc knight.
The orc knight is severely wounded.
The orc knight hits you with a +3 vorpal long sword!
* * * LOW HITPOINT WARNING * * *
x2 The orc knight hits you with a +3 vorpal long sword!
* * * LOW HITPOINT WARNING * * *
x2 You barely miss the orc knight.
The orc knight is heavily wounded.
The orc knight hits you with a +3 vorpal long sword!
* * * LOW HITPOINT WARNING * * *
You die...

##......................
#.......................
#..))#.....#.......#....
######)[.#.............#.##.
##.#.#...###...............##
#.....#.####...##...###.#.##
#........##....###### #####
####........##..##
##.##........[o@.#
#.............#.##
##.............###
#...#...........#
#.........###...##
..........####...##
............#.#...#
..#...<>[......#..##
......[.[..........##


You could see an orc knight.

Vanquished Creatures
  Donald (Orc:2)
  Erolcha (Orc:2)
  3 hydras
  2 two-headed ogres
  2 boulder beetles
  An orc high priest (Orc:1)
  Nergalle (Orc:1)
  A fire crab (Volcano)
  A lindwurm (Volcano)
  2 ugly things
  9 orc knights
  An orc sorcerer (Orc:2)
  A deep elf pyromancer (D:11)
  Maurice (D:10)
  6 elephants (Lair:4)
  A black mamba (Lair:4)
  15 cane toads
  A molten gargoyle (Volcano)
  2 gargoyles
  5 komodo dragons
  2 rime drakes
  An unseen horror (D:11)
  A kobold demonologist (D:10)
  Prince Ribbit (D:4)
  3 trolls
  3 polar bears
  A hornet (Lair:5)
  Grinder (D:3)
  15 blink frogs
  4 slime creatures
  4 dream sheep (Lair:2)
  3 shadows
  2 wraiths
  50 yaks
  2 fire bats (Volcano)
  4 steam dragons
  A basilisk (Lair:5)
  9 wargs
  Menkaure (D:7)
  3 acid dragons
  13 water moccasins
  4 hell hounds
  2 black bears (Lair:2)
  2 sky beasts
  28 orc warriors
  An ice beast (D:6)
  11 ogres
  2 hornet zombies
  3 necrophages
  8 wolves
  4 centaurs
  A phantom (D:6)
  18 kobold brigands
  2 wyvern zombies (Ossuary)
  18 bullfrogs
  A gnoll sergeant (D:7)
  8 scorpions
  7 killer bees
  A water moccasin skeleton (D:6)
  A wight (D:7)
  6 howler monkeys
  An electric eel (Lair:3)
  5 lava snakes (Volcano)
  15 centaur zombies
  7 bullfrog zombies
  2 bullfrog skeletons
  A gnoll shaman (D:5)
  A hound (D:5)
  9 orc priests
  2 centaur skeletons
  3 iguanas
  Ijyb (D:3)
  A scorpion zombie (D:5)
  13 orc wizards
  5 killer bee zombies (Ossuary)
  A hound skeleton (D:4)
  14 mummies
  Robin (D:2)
  3 howler monkey zombies (Ossuary)
  7 gnolls
  A howler monkey skeleton (D:5)
  5 adders
  A white imp (D:7)
  3 worms
  A dart slug (D:1)
  52 orcs
  3 ball pythons
  2 bats
  4 endoplasms
  7 giant cockroaches
  15 goblins
  7 hobgoblins
  2 jackals (D:4)
  6 quokkas
  A frilled lizard (D:1)
  A hobgoblin zombie (D:4)
  12 kobolds
  An orc zombie (D:4)
  6 rats
  A butterfly (Lair:5)
532 creatures vanquished.

Vanquished Creatures (collateral kills)
  2 slime creatures (D:8)
  A warg (Orc:2)
  An orc priest (Orc:1)
  An orc wizard (Orc:1)
  An orc (Orc:1)
6 creatures vanquished.

Vanquished Creatures (others)
  A deep elf pyromancer (D:11)
  A dream sheep (Lair:2)
  A yak (Lair:1)
  A warg (Orc:1)
  A black bear (D:4)
  4 orc warriors
  A centaur (D:7)
  2 demonic plants (D:2)
  19 fungi
  34 plants
  5 withered plants (Ossuary)
70 creatures vanquished.

Grand Total: 608 creatures vanquished

Notes
Turn   | Place    | Note
-------+----------+-------------------------------------------
     0 | D:1      | miscthings the Demigod Artificer began the quest for the
                  | Orb.
     0 | D:1      | Reached XP level 1. HP: 15/15 MP: 3/3
   196 | D:1      | Reached skill level 1 in Fighting
   196 | D:1      | Reached skill level 1 in Dodging
   464 | D:1      | Reached XP level 2. HP: 14/23 MP: 4/4
  1396 | D:2      | Reached XP level 3. HP: 26/28 MP: 5/5
  1417 | D:2      | Noticed Robin
  2178 | D:2      | Killed Robin
  2413 | D:3      | Reached skill level 1 in Shields
  2413 | D:3      | Reached XP level 4. HP: 11/36 MP: 6/6
  2692 | D:3      | Reached skill level 1 in Slings
  2796 | D:3      | Noticed an ogre
  2808 | D:3      | Killed an ogre
  2809 | D:3      | Reached skill level 2 in Slings
  2809 | D:3      | Reached XP level 5. HP: 11/41 MP: 7/7
  3102 | D:3      | Noticed Grinder
  3257 | D:3      | Noticed Ijyb
  3271 | D:3      | Killed Ijyb
  3272 | D:3      | Reached skill level 3 in Slings
  3413 | D:3      | Killed Grinder
  3414 | D:3      | Reached skill level 4 in Slings
  3414 | D:3      | Reached XP level 6. HP: 37/48 MP: 8/8
  3551 | D:3      | Noticed a water moccasin
  3685 | D:3      | Killed a water moccasin
  3686 | D:3      | Reached skill level 5 in Slings
  4058 | D:4      | Found a sand-covered staircase.
  4068 | Ossuary  | Entered an ossuary
  4087 | Ossuary  | Reached XP level 7. HP: 48/53 MP: 9/9
  4107 | Ossuary  | Reached skill level 6 in Slings
  4448 | Ossuary  | Reached skill level 7 in Slings
  4458 | Ossuary  | Reached XP level 8. HP: 46/60 MP: 10/10
  5591 | D:4      | Reached skill level 8 in Slings
  5670 | D:4      | Found a staircase to the Ecumenical Temple.
  6130 | D:5      | Entered Level 5 of the Dungeon
  6130 | D:5      | Noticed Prince Ribbit
  6859 | D:4      | Killed Prince Ribbit
  6860 | D:4      | Reached skill level 9 in Slings
  6918 | D:5      | Reached skill level 5 in Evocations
  6918 | D:5      | Reached XP level 9. HP: 67/67 MP: 11/11
  7501 | D:5      | Reached skill level 10 in Slings
  7566 | D:5      | Found Geenluc's Jewellery Boutique.
  8192 | D:6      | Found Hepnek's Assorted Antiques.
  8194 | D:6      | Identified the +7 trident of the Ancients {flame, Dex+2
                  | Stlth+}
  8200 | D:6      | Bought a scroll labelled DIGAETH ECSYTZ for 28 gold pieces
  8200 | D:6      | Bought a scroll labelled SUCYGR UCZAGAI for 28 gold pieces
  8200 | D:6      | Bought a fuming cyan potion for 25 gold pieces
  9064 | D:7      | Noticed a +0 falchion
  9064 | D:7      | Noticed a +0 short sword
  9107 | D:7      | Reached skill level 11 in Slings
  9121 | D:7      | Noticed a +0 dagger
  9121 | D:7      | Noticed a +0 dagger
  9125 | D:7      | Noticed a +0 spear
  9570 | D:7      | Reached XP level 10. HP: 68/73 MP: 13/13
  9729 | D:7      | Learned a level 5 spell: Manifold Assault
  9733 | D:7      | Noticed a +0 spear
  9733 | D:7      | Noticed a +0 falchion
  9734 | D:7      | Noticed a +0 short sword
  9772 | D:7      | Learned a level 3 spell: Portal Projectile
  9883 | D:7      | Noticed Menkaure
  9904 | D:7      | Killed Menkaure
 10534 | D:8      | Reached skill level 12 in Slings
 11385 | D:9      | Found Hirrogup's Antique Weapon Shoppe.
 11491 | D:8      | Reached skill level 1 in Spellcasting
 11491 | D:8      | Reached skill level 1 in Hexes
 11491 | D:8      | Reached skill level 1 in Translocations
 13224 | D:9      | Found a runed translucent door.
 13224 | D:9      | Noticed browni3141's ghost (novice HuFi)
 13224 | D:9      | Noticed a +1 morningstar of chaos
 13761 | D:10     | Entered Level 10 of the Dungeon
 14024 | D:10     | Noticed Maurice
 14070 | D:10     | Killed Maurice
 14071 | D:10     | Reached XP level 11. HP: 81/82 MP: 18/18
 15204 | D:10     | Noticed a two-headed ogre
 15217 | D:10     | Killed a two-headed ogre
 15333 | D:10     | Identified the +1 hand axe "Starlight" {drain, rPois}
 15701 | D:10     | Gained mutation: You tend to lose your temper in combat.
                  | [potion of mutation]
 15701 | D:10     | Gained mutation: You have a somewhat thin skeletal
                  | structure. (Dex +2, Stealth+) [potion of mutation]
 16115 | D:11     | Found a large runed translucent door.
 16117 | D:11     | Found a large runed translucent door.
 16123 | D:11     | Noticed a tengu warrior
 17013 | D:11     | Found a large runed translucent door.
 17013 | D:11     | Found a large runed translucent door.
 17035 | D:11     | Found a staircase to the Lair.
 17079 | D:11     | Noticed a four-headed hydra
 17100 | D:11     | Noticed a deep elf pyromancer
 17107 | D:11     | Noticed a boulder beetle
 17109 | D:11     | Killed a deep elf pyromancer
 17117 | Lair:1   | Entered Level 1 of the Lair of Beasts
 17314 | Lair:1   | Found a dark tunnel.
 17323 | Volcano  | Entered a volcano
 17752 | Volcano  | Noticed a lindwurm
 17802 | Volcano  | Reached skill level 5 in Armour
 17808 | Volcano  | Killed a lindwurm
 17989 | Volcano  | Noticed a fire crab
 18005 | Volcano  | Killed a fire crab
 18599 | Lair:1   | Reached skill level 5 in Fighting
 18612 | Lair:1   | Reached skill level 5 in Dodging
 19140 | Lair:1   | Reached XP level 12. HP: 94/94 MP: 22/22
 19286 | Lair:1   | Learned a level 2 spell: Blink
 19754 | Lair:2   | Found a hole to the Spider Nest.
 19842 | Lair:2   | Reached skill level 5 in Translocations
 20826 | Lair:2   | Reached skill level 5 in Spellcasting
 20877 | Lair:2   | Noticed a boulder beetle
 20901 | Lair:2   | Killed a boulder beetle
 22333 | Lair:3   | Found a transporter.
 22388 | Lair:3   | Noticed a seven-headed hydra
 22399 | Lair:3   | Killed a seven-headed hydra
 22670 | Lair:3   | Noticed a seven-headed hydra
 22698 | Lair:3   | Killed a seven-headed hydra
 23193 | Lair:3   | Found a transporter.
 23815 | Lair:4   | Found a staircase to the Shoals.
 23899 | Lair:3   | Learned a level 7 spell: Dragon Form
 24118 | Lair:4   | Reached skill level 1 in Unarmed Combat
 24437 | Lair:4   | Reached skill level 1 in Transmutations
 24437 | Lair:4   | Reached XP level 13. HP: 72/104 MP: 26/26
 25652 | Lair:5   | Noticed Sonja
 25653 | Lair:5   | Noticed Sonja
 25653 | Lair:5   | Sonja changed into Sonja the hornet
 25660 | Lair:5   | Killed Sonja the hornet
 25891 | Lair:5   | Learned a level 2 spell: Wereblood
 26194 | Lair:6   | Entered Level 6 of the Lair of Beasts
 26942 | D:11     | Found a staircase to the Orcish Mines.
 26954 | D:11     | Learned a level 5 spell: Borgnjor's Vile Clutch
 26960 | Orc:1    | Entered Level 1 of the Orcish Mines
 27312 | Orc:2    | Entered Level 2 of the Orcish Mines
 27312 | Orc:2    | Noticed Erolcha
 27331 | Orc:2    | Killed Erolcha
 27676 | Orc:1    | Reached skill level 1 in Earth Magic
 27955 | Orc:2    | Reached skill level 1 in Necromancy
 27974 | Orc:2    | Found a staircase to the Elven Halls.
 28462 | Orc:1    | Noticed Nergalle
 28811 | Orc:1    | Killed Nergalle
 29336 | Orc:2    | Reached skill level 10 in Evocations
 29585 | Orc:2    | Noticed Donald
 29598 | Orc:2    | Killed Donald
 29801 | Orc:2    | Noticed Azrael
 29903 | Orc:1    | Reached skill level 5 in Unarmed Combat
 30273 | Orc:2    | Found Zeugiffyo's Armour Emporium.
 30273 | Orc:2    | Found Xaesuoj's Jewellery Boutique.
 30359 | Orc:1    | Reached XP level 14. HP: 69/113 MP: 28/28
 30369 | Orc:1    | HP: 1/113 [orc knight (8)]
 30369 | Orc:1    | Slain by an orc knight

Illustrated notes

Levels and vault maps discovered:
D:1:      psy_arrival_radial01, layout_rooms, serial_rivers,
          chequers_serial_rivers_room_b, chequers_serial_rivers_micro_d,
          chequers_serial_rivers_large_a, chequers_serial_rivers_micro_b,
          amcnicky_mini_corridor_feature
D:2:      layout_basic, dreamdust_ecumenical_altar_sealed_demon, serial_rivers,
          chequers_serial_rivers_marsh, chequers_serial_rivers_small_3,
          chequers_serial_rivers_micro_c, chequers_serial_rivers_micro_b,
          chequers_serial_rivers_room_b, chequers_serial_rivers_micro_b,
          chequers_decorated_corner, columned_hall_lemuel,
          kennysheep_decorative_pillar, uniq_robin
D:3:      layout_loops_ring, mainiacjoe_overflow_tiny_flanked,
          minmay_box_of_dots, uniq_ijyb, uniq_grinder
D:4:      layout_basic, nicolae_wu_jian_immortal_techniques,
          mainiacjoe_overflow_alcove_4, minmay_temple_entry_offerings,
          nicolae_ossuary_entry_giza, minmay_misc_feat_iff
D:5:      minmay_bubble_buster, layout_loops_ring, mainiacjoe_overflow_chevrons,
          mainiacjoe_overflow_large_starburst, serial_shops, shop,
          chequers_serial_rivers_micro_a, uniq_prince_ribbit1
D:6:      minmay_general_purpose_star, layout_basic, serial_shops, shop
D:7:      minmay_chambers_of_fours, layout_loops_ring,
          nicolae_uskayaw_en_pointe, uniq_menkaure
D:8:      layout_loops_corners
D:9:      layout_big_octagon, ebering_ghost_xom, serial_shops,
          nicolae_shop_advertising_works [nicolae_subvault_shop_adworks],
          grunt_ministairs_7
D:10:     layout_loops_ring, special_room [special_room_kobold], uniq_maurice
D:11:     layout_rooms, lair_entry_dummy, minmay_hollow_rounded_squares
Lair:1:   layout_chaotic_city, nicolae_volcano_entry_two_sided,
          lemuel_fruit_fields
Lair:2:   layout_layer_cave, nicolae_spider_entry_non_spiders,
          beast_lair_carwin_5
Lair:3:   layout_gridlike, gammafunk_ghost_abyssal_escape, lemuel_old_faithful
Lair:4:   layout_gridlike, shoals_dummy_entry, lemuel_fruit_fields,
          lemuel_fruit_fields
Lair:5:   layout_cave_shapes, minmay_stone_trees_small, lemuel_fruit_fields,
          uniq_sonja
Lair:6:   hellmonk_lair_end_abyssal_woods, layout_misc_corridors, slime_dummy,
          infiniplex_staircase_pool_2, lemuel_fruit_tree
Orc:1:    layout_caves, mines2_david, uniq_nergalle
Orc:2:    st_orc_town, layout_diamond_mine, uniq_azrael, uniq_erolcha,
          uniq_donald

Skill      XL: |  1  2  3  4  5  6  7  8  9 10 11 12 13 |
---------------+----------------------------------------+-----
Fighting       | 1 3 5 6 7 |  7.2
Dodging        | 1 3 5 6 7 |  7.2
Armour         | 2 3 5 7 |  7.4
Evocations     | 3 4 5 6 7 9 10 | 10.0
Shields        | 1 2 3 4 |  4.0
Slings         | 2 4 5 7 9 11 12 | 12.0
Spellcasting   | 2 4 5 6 |  6.7
Hexes          | 2 |  2.0
Translocations | 2 4 5 |  5.0
Unarmed Combat | 1 5 |  5.1
Transmutations | 1 4 |  4.2
Earth Magic    | 2 |  2.6
Necromancy     | 2 |  2.5
Stealth        | |  0.8

Action                   |  1- 3 |  4- 6 |  7- 9 | 10-12 | 13-15 || total
-------------------------+-------+-------+-------+-------+-------++-------
Melee: Club              |    80 |       |       |     5 |       ||    85
       Punch             |     1 |       |       |       |       ||     1
       Hunting sling     |     1 |       |     1 |     1 |       ||     3
       Trident           |       |       |       |       |   114 ||   114
 Fire: Hunting sling     |   107 |    99 |   706 |  2408 |  1412 ||  4732
Throw: Javelin           |       |     7 |       |     5 |     3 ||    15
       Dart              |       |       |       |     5 |    44 ||    49
       Boomerang         |       |       |       |     1 |       ||     1
 Cast: Portal Projectile |       |       |       |    10 |    11 ||    21
       Wereblood         |       |       |       |       |     1 ||     1
Evoke: Wand              |     2 |    14 |    51 |    32 |    19 ||   118
       Piece from Xom's  |       |    10 |     7 |     8 |     1 ||    26
  Use: Scroll            |       |       |    11 |    11 |     5 ||    27
       Potion            |       |       |       |     6 |       ||     6
 Stab: Sleeping          |     1 |       |       |       |       ||     1
       Distracted        |       |       |       |     1 |     2 ||     3
Armor: Leather armour    |    62 |    19 |    72 |     2 |       ||   155
       Ring mail         |       |       |    65 |    54 |       ||   119
       Skin              |       |       |       |    20 |       ||    20
       Acid dragon scale |       |       |       |   242 |   165 ||   407
       Scale mail        |       |       |       |    17 |   100 ||   117
Dodge: Dodged            |    97 |    26 |   155 |   631 |   486 ||  1395
Block: Buckler           |    35 |    13 |   144 |   444 |   347 ||   983

Table legend: (Time is in decaauts)
 A = Elapsed time spent in this place.
 B = Non-inter-level travel time spent in this place.
 C = Inter-level travel time spent in this place.
 D = Time resting spent in this place.
 E = Time spent auto-exploring this place.
 F = Levels seen in this place.
 G = Mean time per level.
                   A        B        C        D        E       F      G
               +--------+--------+--------+--------+--------+-----+--------+
         Total |  29036 |  27809 |   1227 |   7283 |  12804 |  21 | 1382.7 |
       Dungeon |  16333 |  15483 |    850 |   4679 |   7371 |  11 | 1484.8 |
          Lair |   7590 |   7301 |    289 |   1082 |   4091 |   6 | 1265.0 |
  Orcish Mines |   3168 |   3082 |     86 |    680 |   1051 |   2 | 1584.0 |
       Ossuary |   1001 |   1001 |      0 |    465 |    196 |   1 | 1001.0 |
       Volcano |    943 |    943 |      0 |    377 |     93 |   1 |  943.0 |
               +--------+--------+--------+--------+--------+-----+--------+

Top non-repeatable levels by time:
  Lair:2: 2633 daAuts
     D:8: 2409 daAuts
    D:10: 2054 daAuts
   Orc:1: 1624 daAuts
     D:4: 1585 daAuts
   Orc:2: 1543 daAuts
  Lair:3: 1507 daAuts
     D:2: 1426 daAuts
     D:7: 1416 daAuts
  Lair:4: 1410 daAuts
  Lair:1: 1361 daAuts
     D:5: 1337 daAuts
     D:3: 1333 daAuts
     D:1: 1261 daAuts
    D:11: 1220 daAuts
